 Dungeon Crawl Stone Soup version 0.21.1-1-g345015f (webtiles) character file.

17598 Quirk the Blocker (level 12, -24/97 HPs)
             Began as a Gnoll Fighter on Mar 4, 2018.
             Was a Believer of Ashenzari.
             Annihilated by Rupert
             ... wielding a +1 vampiric battleaxe
              (41 damage)
             ... on level 3 of the Lair of Beasts.
             The game lasted 00:32:55 (11609 turns).

Quirk the Blocker (Gnoll Fighter)                  Turns: 11609, Time: 00:32:55

Health: -24/97     AC: 17    Str: 21    XL:     12   Next: 49%
Magic:  26/31      EV: 13    Int: 13    God:    Ashenzari [**....]
Gold:   517        SH:  0    Dex: 20    Spells: 2/25 levels left

rFire    + . .     SeeInvis .   X - +3 scimitar (flame)
rCold    + . .     Gourm    .   (no shield)
rNeg     . . .     Faith    .   S - +1 chain mail {rF+}
rPois    .         Spirit   .   n - +2 helmet
rElec    .         Reflect  .   (no cloak)
rCorr    .         Harm     .   (no gloves)
MR       +....                  r - +0 pair of boots
Stlth    +.........             k - amulet of regeneration
HPRegen  0.66/turn              v - +5 ring of dexterity
MPRegen  0.22/turn              Z - ring of magical power

@: very slightly contaminated
A: distributed training, fangs 1, cold resistance 1, magic resistance 1, strong
nose
a: Curse Item, Scrying, Renounce Religion


You were on level 3 of the Lair of Beasts.
You worshipped Ashenzari.
Ashenzari was pleased with you.
You were not hungry.

You visited 3 branches of the dungeon, and saw 15 of its levels.
You also visited: Volcano.

You collected 686 gold pieces.
You spent 169 gold pieces at shops.

Inventory:

Hand Weapons
 h - a cursed -3 spear
 A - a +2 whip of flaming
 I - a +2 shortbow of freezing
 R - a +0 trident of freezing
 X - a +3 scimitar of flaming (weapon)
Missiles
 w - 3 throwing nets (quivered)
 N - 142 arrows
Armour
 c - a +0 shield
 n - a +2 helmet (worn)
 r - a +0 pair of boots (worn)
 y - a +2 scale mail of fire resistance
 M - a +3 leather armour
 S - a +1 chain mail of fire resistance (worn)
 W - a +2 scale mail of poison resistance
Jewellery
 k - an amulet of regeneration (around neck)
 v - a +5 ring of dexterity (left hand)
 Z - a ring of magical power (right hand)
Wands
 g - a wand of flame (14)
 t - a wand of iceblast (6)
 J - a wand of acid (11)
 U - a wand of digging (12)
Scrolls
 b - a scroll of enchant armour
 e - 15 scrolls of remove curse
 j - 2 scrolls of blinking
 o - 3 scrolls of immolation
 p - 3 scrolls of teleportation
 s - 4 scrolls of enchant weapon
 u - 2 scrolls of fog
 z - a scroll of holy word
 C - a scroll of fear
 D - 3 scrolls of magic mapping
 L - 3 scrolls of silence
Potions
 a - a potion of lignification
 d - 4 potions of might
 i - 4 potions of brilliance
 l - 2 potions of magic
 m - 2 potions of agility
 q - 4 potions of curing
 x - 2 potions of resistance
 B - a potion of cancellation
 F - 6 potions of heal wounds
 H - a potion of flight
 P - a potion of berserk rage {unknown}
 Q - 3 potions of haste
Books
 E - a book of Clouds

   Spells                             Type                      Level
   a - Poisonous Vapours              Poison/Air                   2
   b - Mephitic Cloud                 Conjuration/Poison/Air       3
   c - Conjure Flame                  Conjuration/Fire             3
   d - Freezing Cloud                 Conjuration/Ice/Air          6
   e - Ring of Flames                 Charms/Fire                  7
 O - the Incunabulum of Damaging Heat
   (You found it on level 8 of the Dungeon)

   Spells                             Type                      Level
   a - Shock                          Conjuration/Air              1
   b - Dazzling Spray                 Conjuration/Hexes            3
   c - Inner Flame                    Hexes/Fire                   3
   d - Bolt of Draining               Conjuration/Necromancy       5
   e - Conjure Ball Lightning         Conjuration/Air              6
 V - a book of Battle

   Spells                             Type                      Level
   a - Infusion                       Charms                       1
   b - Shroud of Golubria             Charms/Translocation         2
   c - Song of Slaying                Charms                       2
   d - Spectral Weapon                Hexes/Charms                 3
   e - Regeneration                   Charms/Necromancy            3
Miscellaneous
 K - a fan of gales
 T - a phantom mirror
Comestibles
 f - 22 rations
 Y - a chunk of flesh


   Skills:
 + Level 9.8 Fighting
 + Level 7.2 Short Blades
 + Level 7.2 Long Blades
 + Level 8.6 Axes
 + Level 7.2 Maces & Flails
 + Level 7.2 Polearms
 + Level 7.2 Staves
 + Level 7.2 Slings
 + Level 7.2 Bows
 + Level 7.2 Crossbows
 + Level 7.2 Throwing
 + Level 9.8 Armour
 + Level 7.2 Dodging
 + Level 7.2 Stealth
 + Level 9.8 Shields
 + Level 7.2 Unarmed Combat
 + Level 7.2 Spellcasting
 + Level 6.0 Conjurations
 + Level 6.0 Hexes
 + Level 6.0 Charms
 + Level 6.0 Summonings
 + Level 6.0 Necromancy
 + Level 6.0 Translocations
 + Level 6.0 Transmutations
 + Level 6.0 Fire Magic
 + Level 6.0 Ice Magic
 + Level 6.0 Air Magic
 + Level 6.0 Earth Magic
 + Level 6.0 Poison Magic
 + Level 7.9 Invocations
 + Level 7.2 Evocations


You had 2 spell levels left.
You knew the following spells:

 Your Spells              Type           Power        Failure   Level  Hunger
a - Poisonous Vapours     Pois/Air       ###...       12%         2    #......
b - Mephitic Cloud        Conj/Pois/Air  ###.....     24%         3    ##.....
c - Gell's Gravitas       Tloc           ###.......   24%         3    ##.....
d - Petrify               Tmut/Erth      ###.....     63%         4    ####...
e - Freezing Cloud        Conj/Ice/Air   ###.......   100%        6    #######
f - Song of Slaying       Chrm           ###.....     12%         2    #......
g - Regeneration          Chrm/Necr      ###.......   24%         3    ##.....


Dungeon Overview and Level Annotations

Branches:
Dungeon (11/15)            Temple (1/1) D:5            Lair (3/6) D:9
 Spider (0/4) Lair:2          Orc (0/2) D:9
  Swamp: Lair:2-4    Shoals: Lair:2-4

Altars:
Ashenzari
Cheibriados
Dithmenos
Elyvilon
Fedhas
Gozag
Hepliaklqana
Kikubaaqudgha
Makhleb
Nemelex Xobeh
Okawaru
Qazlal
Ru
Sif Muna
Trog
Uskayaw
Vehumet
Wu Jian
Xom
Yredelemnul
Zin
The Shining One

Shops:
D:5 !

Annotations:
D:10 Harold
D:11 kaesh's ghost, journeyman MiFi
Lair:2 exclusion: 4 oklob plants
Lair:3 Rupert


Innate Abilities, Weirdness & Mutations

Your experience applies equally to all skills.
You have very sharp teeth.
Your uncanny sense of smell can sniff out nearby items.
Your flesh is cold resistant. (rC+)
You are resistant to hostile enchantments. (MR+)


Message History

Rupert is severely wounded.
Rupert hits you with a vampiric battleaxe!
Rupert draws strength from your wounds!
Evoke which item? (* to show all) (? for menu, Esc to quit)
Aiming: Scattershot
Press: ? - help, Shift-Dir - straight line, f/p - Rupert
Aim: Rupert, wielding a vampiric battleaxe and wearing a chain mail (heavily wounded, berserk, fast, unusually strong)
The burst of metal fragments hits Rupert. x9
Rupert is almost dead.
The now-empty wand crumbles to dust.
Rupert hits you with a vampiric battleaxe!!
* * * LOW HITPOINT WARNING * * *
Unknown command.
Evoke which item? (* to show all) (? for menu, Esc to quit)
Aiming: Corrosive Bolt
Press: ? - help, Shift-Dir - straight line, f/p - Rupert
Aim: Rupert, wielding a vampiric battleaxe and wearing a chain mail (almost dead, berserk, fast, unusually strong)
The bolt of acid misses Rupert.
Rupert hits you with a vampiric battleaxe!!!
You die...

,∆ #.... .####..#......#
#.. , ......#......# ###
∆ ............## # * *
,*##.#.##.......##### ##
#.....#...P........
#P.###....##.....)..###.
#....#@..#....P..P..##.
#....@................
##.#..####............
#.....#####.......<...
##.#............P..#..
#............##...#..
##########...<...####
##P##..## #######


You could see Rupert (berserk).

Vanquished Creatures
  A hydra (Lair:2)
  Erica (Lair:2)
  2 two-headed ogres
  Sonja (Lair:1)
  Pikel (D:5)
  An ugly thing (D:11)
  A centaur zombie (D:10)
  2 spiny frogs
  2 gargoyles
  An efreet (Volcano)
  2 komodo dragons (Lair:1)
  A troll (D:9)
  5 hippogriffs
  A redback (Lair:2)
  2 fire elementals (Volcano)
  4 hogs (D:9)
  A human (D:9)
  3 fire bats (Lair:2)
  A basilisk (Lair:3)
  23 yaks
  A hungry ghost (D:8)
  4 water moccasins
  4 porcupines
  A slave (D:5)
  2 sky beasts
  3 orc warriors
  3 phantoms
  An ice beast (D:9)
  A black bear (Lair:1)
  An eye of draining (D:9)
  4 ogres
  3 centaurs
  A necrophage (D:8)
  A crocodile (Lair:3)
  2 big kobolds
  8 bullfrogs
  2 wyvern zombies
  2 scorpions
  A water moccasin skeleton (D:8)
  9 killer bees (D:9)
  A howler monkey (D:7)
  3 crimson imps
  A quasit (D:9)
  A gnoll shaman (D:4)
  4 hounds
  2 jellies
  6 orc wizards
  8 orc priests
  3 iguanas
  5 worker ants
  2 hound zombies (D:9)
  2 hound skeletons
  2 worker ant zombies
  A howler monkey skeleton (D:5)
  18 gnolls
  12 adders
  2 shadow imps
  An ooze (D:2)
  A worm (D:2)
  3 dart slugs
  6 leopard geckos
  13 orcs
  7 bats
  10 giant cockroaches
  11 goblins
  9 hobgoblins
  8 jackals
  4 quokkas
  8 frilled lizards
  10 kobolds
  A quokka zombie (D:5)
  2 rats
277 creatures vanquished.

Vanquished Creatures (others)
  2 gnolls (D:3)
2 creatures vanquished.

Grand Total: 279 creatures vanquished

Notes
Turn   | Place    | Note
-------+----------+-------------------------------------------
     0 | D:1      | Quirk the Gnoll Fighter began the quest for the Orb.
     0 | D:1      | Reached XP level 1. HP: 23/23 MP: 1/1
    90 | D:1      | Reached XP level 2. HP: 29/29 MP: 2/2
   378 | D:1      | Reached XP level 3. HP: 35/35 MP: 3/3
   811 | D:2      | Reached skill level 1 in Invocations
   932 | D:2      | Reached skill level 1 in Short Blades
   932 | D:2      | Reached skill level 1 in Long Blades
   932 | D:2      | Reached skill level 1 in Maces & Flails
   932 | D:2      | Reached skill level 1 in Polearms
   932 | D:2      | Reached skill level 1 in Staves
   932 | D:2      | Reached skill level 1 in Slings
   932 | D:2      | Reached skill level 1 in Bows
   932 | D:2      | Reached skill level 1 in Crossbows
   932 | D:2      | Reached skill level 1 in Throwing
   932 | D:2      | Reached skill level 1 in Dodging
   932 | D:2      | Reached skill level 1 in Stealth
   932 | D:2      | Reached skill level 1 in Unarmed Combat
   932 | D:2      | Reached skill level 1 in Spellcasting
   932 | D:2      | Reached skill level 1 in Evocations
   946 | D:2      | Reached XP level 4. HP: 38/41 MP: 5/5
  1038 | D:2      | Reached skill level 1 in Conjurations
  1038 | D:2      | Reached skill level 1 in Hexes
  1038 | D:2      | Reached skill level 1 in Charms
  1038 | D:2      | Reached skill level 1 in Summonings
  1038 | D:2      | Reached skill level 1 in Necromancy
  1038 | D:2      | Reached skill level 1 in Translocations
  1038 | D:2      | Reached skill level 1 in Transmutations
  1038 | D:2      | Reached skill level 1 in Fire Magic
  1038 | D:2      | Reached skill level 1 in Ice Magic
  1038 | D:2      | Reached skill level 1 in Air Magic
  1038 | D:2      | Reached skill level 1 in Earth Magic
  1038 | D:2      | Reached skill level 1 in Poison Magic
  1273 | D:2      | Reached XP level 5. HP: 45/47 MP: 6/6
  1559 | D:3      | Noticed a big kobold
  1576 | D:3      | Killed a big kobold
  1576 | D:3      | Reached XP level 6. HP: 35/53 MP: 8/8
  1897 | D:3      | Found an ancient bone altar of Kikubaaqudgha.
  1897 | D:3      | Found a sacrificial altar of Ru.
  1947 | D:3      | Found a radiant altar of Vehumet.
  2241 | D:3      | Found an opulent altar of Gozag.
  2334 | D:4      | Reached skill level 5 in Axes
  2504 | D:4      | Noticed a phantom
  2547 | D:4      | Killed a phantom
  2547 | D:4      | Reached XP level 7. HP: 21/59 MP: 10/10
  2627 | D:4      | Found an iron altar of Okawaru.
  2797 | D:4      | Found a snail-covered altar of Cheibriados.
  2797 | D:4      | Found a shadowy altar of Dithmenos.
  2914 | D:4      | You fall through a shaft for 3 floors!
  3094 | D:6      | Found a bloodstained altar of Trog.
  3142 | D:6      | Reached XP level 8. HP: 67/67 MP: 12/12
  3202 | D:5      | Entered Level 5 of the Dungeon
  3254 | D:5      | Found Kipinet's Distillery.
  3257 | D:5      | Bought a potion of heal wounds for 65 gold pieces
  3257 | D:5      | Bought a potion of heal wounds for 65 gold pieces
  3257 | D:5      | Bought a potion of curing for 39 gold pieces
  3280 | D:5      | Found a staircase to the Ecumenical Temple.
  3286 | Temple   | Entered the Ecumenical Temple
  3535 | Temple   | Became a worshipper of Ashenzari the Shackled
  3824 | D:5      | Noticed Pikel
  3852 | D:5      | Killed Pikel
  3936 | D:5      | Found a stormy altar of Qazlal.
  3965 | D:5      | Found a glowing golden altar of the Shining One.
  4300 | D:6      | Reached XP level 9. HP: 67/72 MP: 14/14
  4916 | D:7      | Found a deep blue altar of Sif Muna.
  5074 | D:7      | Reached * piety under Ashenzari
  5659 | D:8      | Noticed a two-headed ogre
  5671 | D:8      | Killed a two-headed ogre
  5683 | D:8      | Identified the Incunabulum of Damaging Heat
  5854 | D:8      | Reached skill level 5 in Invocations
  6227 | D:9      | Reached XP level 10. HP: 70/80 MP: 15/17
  6369 | D:9      | Reached skill level 5 in Short Blades
  6369 | D:9      | Reached skill level 5 in Long Blades
  6369 | D:9      | Reached skill level 5 in Maces & Flails
  6369 | D:9      | Reached skill level 5 in Polearms
  6369 | D:9      | Reached skill level 5 in Staves
  6369 | D:9      | Reached skill level 5 in Slings
  6369 | D:9      | Reached skill level 5 in Bows
  6369 | D:9      | Reached skill level 5 in Crossbows
  6369 | D:9      | Reached skill level 5 in Throwing
  6369 | D:9      | Reached skill level 5 in Dodging
  6369 | D:9      | Reached skill level 5 in Stealth
  6369 | D:9      | Reached skill level 5 in Unarmed Combat
  6369 | D:9      | Reached skill level 5 in Spellcasting
  6369 | D:9      | Reached skill level 5 in Evocations
  6640 | D:10     | Entered Level 10 of the Dungeon
  6784 | D:10     | Noticed Harold
  6793 | D:10     | Noticed a gargoyle
  6804 | D:9      | Killed a gargoyle
  7070 | D:9      | HP: 3/82 [yak (8)]
  7072 | D:9      | HP: 1/82 [yak (4)]
  7235 | D:9      | Found a staircase to the Orcish Mines.
  7256 | D:9      | Found a staircase to the Lair.
  7484 | D:9      | Reached XP level 11. HP: 68/87 MP: 7/19
  7632 | D:9      | Noticed a two-headed ogre
  7641 | D:9      | Killed a two-headed ogre
  7898 | D:10     | Learned a level 2 spell: Poisonous Vapours
  7902 | D:10     | Learned a level 3 spell: Mephitic Cloud
  7906 | D:10     | Learned a level 3 spell: Gell's Gravitas
  7911 | D:10     | Learned a level 4 spell: Petrify
  7918 | D:10     | Learned a level 6 spell: Freezing Cloud
  8108 | D:10     | Reached skill level 5 in Conjurations
  8108 | D:10     | Reached skill level 5 in Hexes
  8108 | D:10     | Reached skill level 5 in Charms
  8108 | D:10     | Reached skill level 5 in Summonings
  8108 | D:10     | Reached skill level 5 in Necromancy
  8108 | D:10     | Reached skill level 5 in Translocations
  8108 | D:10     | Reached skill level 5 in Transmutations
  8108 | D:10     | Reached skill level 5 in Fire Magic
  8108 | D:10     | Reached skill level 5 in Ice Magic
  8108 | D:10     | Reached skill level 5 in Air Magic
  8108 | D:10     | Reached skill level 5 in Earth Magic
  8108 | D:10     | Reached skill level 5 in Poison Magic
  8554 | D:11     | Noticed a white ugly thing
  8565 | D:11     | Killed a white ugly thing
  9233 | D:11     | Noticed kaesh's ghost (journeyman MiFi)
  9290 | D:10     | Gained mutation: Your flesh is cold resistant. (rC+) [potion of mutation]
  9290 | D:10     | Gained mutation: You are resistant to hostile enchantments. (MR+) [potion of mutation]
  9294 | D:10     | Learned a level 2 spell: Song of Slaying
  9298 | D:10     | Learned a level 3 spell: Regeneration
  9387 | Lair:1   | Entered Level 1 of the Lair of Beasts
  9479 | Lair:1   | Noticed Sonja
  9492 | Lair:1   | Killed Sonja
  9646 | Lair:1   | Reached XP level 12. HP: 63/96 MP: 22/22
 10190 | Lair:2   | Reached ** piety under Ashenzari
 10375 | Lair:2   | Found a dark tunnel.
 10389 | Volcano  | Entered a volcano
 10703 | Lair:2   | Noticed Erica
 10730 | Lair:2   | Killed Erica
 10803 | Lair:2   | Noticed a six-headed hydra
 10811 | Lair:2   | Killed a two-headed hydra
 11014 | Lair:2   | Found a hole to the Spider Nest.
 11586 | Lair:3   | Noticed Rupert
 11609 | Lair:3   | Annihilated by Rupert

Skill      XL: |  1  2  3  4  5  6  7  8  9 10 11 12 |
---------------+-------------------------------------+-----
Invocations    | 1 2 3 4 5 6 7 |  7.9
Short Blades   | 1 2 3 4 5 6 7 |  7.2
Long Blades    | 1 2 3 4 5 6 7 |  7.2
Maces & Flails | 1 2 3 4 5 6 7 |  7.2
Polearms       | 1 2 3 4 5 6 7 |  7.2
Staves         | 1 2 3 4 5 6 7 |  7.2
Slings         | 1 2 3 4 5 6 7 |  7.2
Bows           | 1 2 3 4 5 6 7 |  7.2
Crossbows      | 1 2 3 4 5 6 7 |  7.2
Throwing       | 1 2 3 4 5 6 7 |  7.2
Dodging        | 1 2 3 4 5 6 7 |  7.2
Stealth        | 1 2 3 4 5 6 7 |  7.2
Unarmed Combat | 1 2 3 4 5 6 7 |  7.2
Spellcasting   | 1 2 3 4 5 6 7 |  7.2
Evocations     | 1 2 3 4 5 6 7 |  7.2
Conjurations   | 1 2 3 4 5 6 |  6.0
Hexes          | 1 2 3 4 5 6 |  6.0
Charms         | 1 2 3 4 5 6 |  6.0
Summonings     | 1 2 3 4 5 6 |  6.0
Necromancy     | 1 2 3 4 5 6 |  6.0
Translocations | 1 2 3 4 5 6 |  6.0
Transmutations | 1 2 3 4 5 6 |  6.0
Fire Magic     | 1 2 3 4 5 6 |  6.0
Ice Magic      | 1 2 3 4 5 6 |  6.0
Air Magic      | 1 2 3 4 5 6 |  6.0
Earth Magic    | 1 2 3 4 5 6 |  6.0
Poison Magic   | 1 2 3 4 5 6 |  6.0
Axes           | 5 6 7 8 |  8.6
Fighting       | 7 8 9 |  9.8
Armour         | 7 8 9 |  9.8
Shields        | 7 8 9 |  9.8

Action                   |  1- 3 |  4- 6 |  7- 9 | 10-12 || total
-------------------------+-------+-------+-------+-------++-------
Melee: War axe           |    83 |   166 |   156 |       ||   405
       Bite              |     9 |    15 |    48 |   105 ||   177
       Whip              |       |       |   204 |     9 ||   213
       Trident           |       |       |     9 |   630 ||   639
       Scimitar          |       |       |       |    47 ||    47
       Punch             |       |       |       |    12 ||    12
 Fire: Hunting sling     |       |    23 |       |       ||    23
       Shortbow          |       |       |       |   122 ||   122
Throw: Throwing net      |       |       |       |     2 ||     2
 Cast: Petrify           |       |       |       |     1 ||     1
       Mephitic Cloud    |       |       |       |     2 ||     2
Evoke: Wand              |       |       |     2 |     9 ||    11
  Use: Scroll            |       |       |     9 |    15 ||    24
       Potion            |       |       |       |     1 ||     1
 Stab: Sleeping          |       |       |       |     7 ||     7
       Distracted        |       |       |       |     2 ||     2
       Petrified         |       |       |       |     8 ||     8
       Held in net/web   |       |       |       |     2 ||     2
       Petrifying        |       |       |       |     1 ||     1
       Confused          |       |       |       |     1 ||     1
  Eat: Chunk             |       |     5 |    15 |     9 ||    29
       Ration            |       |       |     1 |     3 ||     4
Armor: Scale mail        |    34 |    89 |   123 |       ||   246
       Leather armour    |       |       |       |   179 ||   179
       Chain mail        |       |       |       |    44 ||    44
Dodge: Dodged            |    31 |    54 |   125 |   375 ||   585
Block: Shield            |    45 |   109 |   216 |   286 ||   656
       Rpst.: Scimitar   |       |       |       |    10 ||    10
